 Dungeon Crawl Stone Soup version 0.31.0-32-g396128a36d (webtiles) character file.

Game seed: 947233098486720701

12694 Ekko the Cleaver (level 11, 0/95 HPs)
             Began as a Minotaur Berserker on Apr 21, 2024.
             Was an Elder of Trog.
             Slain by a komodo dragon (10 damage)
             ... on level 2 of the Lair of Beasts.
             The game lasted 01:19:10 (11335 turns).

Ekko the Cleaver (Minotaur Berserker)              Turns: 11335, Time: 01:19:11

Health: 0/95       AC: 22    Str: 30    XL:     11   Next: 65%
Magic:  10/10      EV:  9    Int:  3    God:    Trog [****..]
Gold:   677        SH:  5    Dex: 11    Spells: 10/10 levels left

rFire   . . .        C - +5 dire flail (chaos)
rCold   + . .        (shield currently unavailable)
rNeg    . . .        d - +1 plate armour "Jahabal" {rElec}
rPois   .            (helmet restricted)
rElec   +            k - +1 cloak
rCorr   .            i - +0 pair of gloves
SInv    .            p - +0 pair of boots
Will    ++...        e - amulet of reflection Stlth
                     o - ring of protection from cold
HPRegen 1.35/turn    x - ring of flight
MPRegen 0.12/turn

%: reflection
@: lethally poisoned (0 -> -1), marked, strong-willed, frozen, on berserk
cooldown, flying, regenerating, slowed, very slow
A: horns 2, retaliatory headbutt, iridescent scales 1, thin skeletal structure
1, strong 1
a: Renounce Religion, Berserk, Trog's Hand, Brothers in Arms


You were on level 2 of the Lair of Beasts.
You worshipped Trog.
Trog was greatly pleased with you.
You visited 2 branches of the dungeon, and saw 11 of its levels.
You also visited: Ossuary.

You collected 677 gold pieces.

Inventory:

Hand Weapons
 a - a +0 hand axe
 g - a +0 falchion of protection
 n - a +2 short sword of venom
 q - a +2 whip of draining
 t - a +3 club
 w - a +2 whip of flaming
 B - a +1 short sword of speed
 C - a +5 dire flail of chaos (weapon)
Missiles
 M - 2 boomerangs (quivered)
Armour
 d - the +1 plate armour "Jahabal" (worn) {rElec}
   (You acquired it on level 2 of the Dungeon)

   rElec:     It insulates you from electricity.
 f - a +0 ring mail of cold resistance
 i - a +0 pair of gloves (worn)
 k - a +1 cloak (worn)
 p - a +0 pair of boots (worn)
Jewellery
 e - an amulet of reflection (around neck)
 o - a ring of protection from cold (left hand)
 x - a ring of flight (right hand)
 D - a ring of positive energy
 I - an amulet of magic regeneration
 O - a ring of poison resistance
Wands
 s - a wand of roots (7)
 v - a wand of paralysis (9)
 F - a wand of mindburst (16)
 K - a wand of flame (2)
Scrolls
 j - 17 scrolls of identify
 l - 11 scrolls of teleportation
 y - a scroll of vulnerability
 z - a scroll of brand weapon
 A - a scroll of noise
 H - 2 scrolls of revelation
 J - a scroll of enchant armour
 N - 2 scrolls of silence
Potions
 b - 3 potions of ambrosia
 c - 14 potions of curing
 h - 3 potions of heal wounds
 m - 2 potions of cancellation
 r - a potion of haste
 E - 2 potions of attraction
 G - a potion of mutation


   Skills:
 - Level 8.6 Fighting
 - Level 10.4 Short Blades
 + Level 12.3(13.6) Axes
 - Level 9.3(12.1) Maces & Flails
 - Level 10.0 Armour
 - Level 2.3 Dodging


You had 10 spell levels left.
You didn't know any spells.
Your spell library was empty.

Dungeon Overview and Level Annotations

Branches:
Dungeon (9/15)             Temple (0/1) D:5            Lair (2/5) D:9
Ossuary (visited)
  Swamp: Lair:2-3    Shoals: Lair:2-3     Snake: Lair:2-3    Spider: Lair:2-3
    Orc: D:9-12

Altars:
Ashenzari
Cheibriados
Elyvilon
Makhleb
Nemelex Xobeh
Okawaru
Qazlal
Wu Jian
Xom
Yredelemnul
Zin
The Shining One

Shops:
D:4 *(   D:5 *


Innate Abilities, Weirdness & Mutations

You have a pair of horns on your head.
You reflexively headbutt those who attack you in melee.
You are partially covered in iridescent scales. (AC +2)
You have a somewhat thin skeletal structure. (Dex +2, Stealth+)
Your muscles are strong. (Str +4, Int/Dex -1)


Message History

The blink frog blinks!
Your skin crawls.
You feel strong-willed.
You feel sick. The blink frog closely misses you. The water moccasin bites you.
* * * LOW HITPOINT WARNING * * *
The komodo dragon bites you but does no damage.
The rime drake bites you.
* * * LOW HITPOINT WARNING * * *
The blink frog hits you.
* * * LOW HITPOINT WARNING * * *
The water moccasin barely misses you.
A wolf comes into view.
The blink frog closely misses you. You furiously retaliate!
You headbutt the blink frog!
The komodo dragon bites you but does no damage.
The rime drake bites you but does no damage.
You hit the blink frog.
You kill the blink frog!
Trog accepts your kill.
You feel sick. The water moccasin barely misses you. You furiously retaliate!
You headbutt the water moccasin!
The blink frog hits you but does no damage.
A merfolk siren comes into view. It is wielding a +0 spear.
The rime drake bites you but does no damage.
The komodo dragon closely misses you.
A wolf comes into view.
The water moccasin bites you but does no damage.
The blink frog barely misses you.
You closely miss the blink frog. You headbutt the blink frog!
You kill the blink frog!
Trog accepts your kill.
You feel sick.
A wolf comes into view.
The water moccasin bites you but does no damage.
The rime drake breathes ice at you. The icy flash freeze hits you!
You partially resist.
* * * LOW HITPOINT WARNING * * *
You are encased in ice.
The komodo dragon bites you!
You die...

#.............
...........h....
#...............
#.............. #
#..............
##..#..F..........
.m....lFSF........
#@FF........
##kF<.......
##%........
#..........
#...h......
.......#.##
........$...
.........h...
..........#..


You could see a komodo dragon, a merfolk siren, a cane toad, 4 blink frogs, a
rime drake (catching breath), a water moccasin, 3 wolves and a bullfrog.

Vanquished Creatures
  The ghost of Frank the Basher, a novice DgFi (D:8)
  Pikel (D:5)
  A black mamba (Lair:1)
  2 cane toads (Lair:1)
  A rime drake (Lair:1)
  A komodo dragon (Lair:1)
  A polar bear (Lair:1)
  A wind drake (D:9)
  10 blink frogs (Lair:2)
  Prince Ribbit (D:6)
  A ynoxinul (D:8)
  A basilisk (Lair:1)
  17 yaks
  Edmund (D:6)
  6 water moccasins
  2 orc warriors (D:9)
  Duvessa (D:6)
  2 sky beasts (D:6)
  4 black bears
  4 ogres
  10 centaurs
  The ghost of Dogenati the Firebug, an amateur HOFE (D:4)
  3 kobold brigands
  3 lemures (D:5)
  A phantom (D:4)
  3 elf zombies (Ossuary)
  A weeping skull (Ossuary)
  8 bullfrogs
  A scorpion (D:9)
  Dowan (D:6)
  2 burial acolytes (Ossuary)
  3 howler monkeys (D:9)
  2 hounds
  2 orc priests
  3 jellies
  A sleepcap (D:5)
  A human zombie (Ossuary)
  Ijyb (D:5)
  4 orc wizards
  3 iguanas
  2 hound zombies (Ossuary)
  2 mummies (Ossuary)
  3 gnolls (D:5)
  4 adders
  2 white imps
  4 ufetubi
  3 ribbon worms
  5 dart slugs
  17 orcs
  8 ball pythons
  9 endoplasms
  4 giant cockroaches
  12 goblins
  8 hobgoblins
  6 jackals (D:5)
  15 kobolds
  6 quokkas
  2 training dummies (D:6)
  3 bats
  2 frilled lizards (D:1)
  7 gnoll zombies (Ossuary)
  5 orc zombies (Ossuary)
  5 rats
247 creatures vanquished.

Vanquished Creatures (collateral kills)
  2 yaks (D:9)
  A scorpion (D:9)
  An orc priest (D:9)
  3 orcs (D:9)
7 creatures vanquished.

Vanquished Creatures (others)
  A yak zombie (D:9)
1 creature vanquished.

Grand Total: 255 creatures vanquished

Notes
Turn   | Place    | Note
-------+----------+-------------------------------------------
     0 | D:1      | Ekko the Minotaur Berserker began the quest for the Orb.
     0 | D:1      | Reached XP level 1. HP: 19/19 MP: 0/0
    75 | D:1      | Reached skill level 4 in Axes
    77 | D:1      | Reached XP level 2. HP: 23/27 MP: 1/1
   423 | D:1      | Reached XP level 3. HP: 33/33 MP: 2/2
   438 | D:1      | Reached ** piety under Trog
   560 | D:1      | Reached skill level 5 in Axes
   874 | D:2      | Found a broken altar of Ashenzari.
  1223 | D:2      | Reached skill level 1 in Short Blades
  1370 | D:2      | Reached XP level 4. HP: 36/40 MP: 3/3
  1685 | D:2      | Identified a scroll of acquirement
  1685 | D:2      | Acquired the +1 plate armour "Jahabal" {rElec}
  1809 | D:3      | Found an iron altar of Okawaru.
  2379 | D:4      | Noticed an ogre
  2392 | D:4      | Killed an ogre
  2393 | D:4      | Reached XP level 5. HP: 46/46 MP: 4/4
  2446 | D:4      | Found a runed translucent door.
  2459 | D:4      | Noticed Dogenati's ghost (amateur HOFE)
  2486 | D:4      | Killed Dogenati's ghost
  2487 | D:4      | Reached skill level 5 in Short Blades
  2487 | D:4      | Reached XP level 6. HP: 51/52 MP: 5/5
  2504 | D:4      | Found Xuvvy's Antique Weapon Shop.
  2595 | D:4      | Reached *** piety under Trog
  2653 | D:4      | Found Ovakug's CLEARANCE SALE!.
  2786 | D:4      | Reached XP level 7. HP: 43/58 MP: 6/6
  3292 | D:5      | Entered Level 5 of the Dungeon
  3339 | D:5      | Found a snail-covered altar of Cheibriados.
  3377 | D:5      | Found a staircase to the Ecumenical Temple.
  3385 | D:5      | Noticed Ijyb
  3394 | D:5      | Killed Ijyb
  3596 | D:5      | Noticed Pikel
  3611 | D:5      | Paralysed by Pikel for 2 turns
  3616 | D:5      | Killed Pikel
  3617 | D:5      | Reached skill level 10 in Short Blades
  3617 | D:5      | Reached XP level 8. HP: 41/66 MP: 7/7
  3999 | D:5      | Found Tiomydd's Lightly-Used Armoury.
  4125 | D:5      | Found a white marble altar of Elyvilon.
  4160 | D:5      | Gained mutation: You have a somewhat thin skeletal
                  | structure. (Dex +2, Stealth+) [potion of mutation]
  4160 | D:5      | Gained mutation: You are partially covered in iridescent
                  | scales. (AC +2) [potion of mutation]
  4160 | D:5      | Gained mutation: Your muscles are strong. (Str +4, Int/Dex
                  | -1) [potion of mutation]
  4205 | D:6      | Found a shimmering altar of Xom.
  4242 | D:6      | Found a sand-covered staircase.
  4269 | Ossuary  | Entered an ossuary
  4935 | Ossuary  | Found an ancient bone altar of Kikubaaqudgha.
  4964 | Ossuary  | Reached skill level 5 in Fighting
  5408 | D:6      | Noticed Duvessa
  5408 | D:6      | Noticed Dowan
  5420 | D:6      | Killed Duvessa
  5423 | D:6      | Killed Dowan
  5424 | D:6      | Reached XP level 9. HP: 81/81 MP: 8/8
  5482 | D:6      | Reached **** piety under Trog
  5497 | D:6      | Noticed Edmund
  5507 | D:6      | Killed Edmund
  5757 | D:6      | Noticed Prince Ribbit
  5770 | D:6      | Killed Prince Ribbit
  6521 | D:6      | Found a sparkling altar of Nemelex Xobeh.
  6649 | D:7      | Reached skill level 5 in Maces & Flails
  6900 | D:7      | Identified the +1 robe "Roriane" {rF+ Str+7}
  7104 | D:7      | Found a burning altar of Makhleb.
  7302 | D:8      | Found a glowing silver altar of Zin.
  7309 | D:8      | Found a stormy altar of Qazlal.
  7488 | D:8      | Found a runed translucent door.
  7500 | D:8      | Noticed Frank's ghost (novice DgFi)
  7513 | D:8      | Killed Frank's ghost
  7514 | D:8      | Reached XP level 10. HP: 87/90 MP: 9/9
  7905 | D:8      | Reached skill level 5 in Armour
  8458 | D:9      | Reached skill level 10 in Armour
  8483 | D:9      | Found a staircase to the Lair.
  8655 | D:9      | Found a glowing golden altar of the Shining One.
  8676 | D:9      | Reached skill level 6 in Axes
  8896 | D:9      | Reached skill level 7 in Axes
  9117 | D:9      | Found a basalt altar of Yredelemnul.
  9163 | D:9      | Found an ornate altar of the Wu Jian Council.
  9705 | Lair:1   | Entered Level 1 of the Lair of Beasts
  9722 | Lair:1   | Reached XP level 11. HP: 95/95 MP: 10/10
  9769 | Lair:1   | Reached skill level 8 in Axes
 10046 | Lair:1   | Reached skill level 9 in Axes
 10126 | Lair:1   | Reached skill level 10 in Axes
 10251 | Lair:1   | Reached ***** piety under Trog
 11305 | Lair:2   | Reached skill level 11 in Axes
 11329 | Lair:2   | Reached skill level 12 in Axes
 11335 | Lair:2   | Slain by a komodo dragon

Illustrated notes

Levels and vault maps discovered:
D:1:      dpeg_arrival_round_b, layout_basic, nicolae_houndstooth_variations
D:2:      layout_basic, basic_altar
D:3:      layout_basic, lemuel_tele_altar
D:4:      layout_basic, serial_shops, nicolae_shop_pleasant_corner_grove,
          hellmonk_ghost_happy_afterlife, solitary_fountain,
          nicolae_shop_clearance
D:5:      layout_cave_pools, nicolae_elyvilon_temple_path, cheibriados_altar_1,
          minmay_temple_entry_hall, minmay_shop_damaged, uniq_pikel, uniq_ijyb
D:6:      dreamdust_elfheim, layout_basic, lemuel_doored_altar,
          nicolae_overflow_hidden_temple, nicolae_ossuary_entry_monument,
          nicolae_benzene_ring, uniq_prince_ribbit1, uniq_edmund
D:7:      layout_rooms, mainiacjoe_overflow_concentric_impassable
D:8:      layout_cave_pools, grunt_temple_overflow_open,
          hellmonk_ghost_big_iron, minmay_misc_feat_nine_boxes, nrook_campfire,
          hangedman_decor_opposing, centaur_isle
D:9:      layout_loops_corners, old_standard_altar,
          nicolae_tso_carved_into_rock, general_overflow_altar,
          grunt_lair_entry_orc_guard_hut
Lair:1:   layout_hall_layers
Lair:2:   layout_chaotic_city, minmay_shoals_entry_lonely_mermaid,
          grunt_megastairs_5

Skill      XL: |  1  2  3  4  5  6  7  8  9 10 11 |
---------------+----------------------------------+-----
Axes           | 4 5 7 12 | 12.3
Short Blades   | 1 4 5 6 10 | 10.4
Fighting       | 7 8 |  8.6
Maces & Flails | 9 |  9.3
Armour         | 10 | 10.0
Dodging        | |  2.3

Action                     |  1- 3 |  4- 6 |  7- 9 | 10-12 || total
---------------------------+-------+-------+-------+-------++-------
  Melee: Hand axe          |    66 |       |       |       ||    66
         Punch             |     2 |     2 |     4 |       ||     8
         Headbutt          |     7 |    27 |    79 |    41 ||   154
         Short sword       |    15 |   134 |   323 |       ||   472
         Dire flail        |       |       |    72 |   259 ||   331
  Throw: Boomerang         |       |       |       |     3 ||     3
 Invoke: Berserk           |       |     2 |     7 |     3 ||    12
         Trog's Hand       |       |       |     1 |     1 ||     2
    Use: Potion            |       |     7 |     5 |     3 ||    15
         Scroll            |       |     6 |     4 |     3 ||    13
 Armour: Animal skin       |    38 |     6 |       |       ||    44
         Plate armour      |       |    41 |   228 |   260 ||   529
  Dodge: Dodged            |    40 |    23 |    81 |   112 ||   256
  Block: Other             |       |    18 |    51 |    72 ||   141
         Reflection        |       |       |     2 |     7 ||     9
